 Dungeon Crawl Stone Soup version 0.29.0-5-ge4962eb29e (webtiles) character file.

Game seed: 1483140074418046003

9772 greasedhog the Blocker (level 11, -1/89 HPs)
             Began as a Gnoll Fighter on Aug 29, 2022.
             Was a High Priest of Okawaru.
             Slain by a troll (10 damage)
             ... on level 10 of the Dungeon.
             The game lasted 00:12:20 (10916 turns).

greasedhog the Blocker (Gnoll Fighter)             Turns: 10916, Time: 00:12:20

Health: -1/89      AC: 20    Str: 20    XL:     11   Next: 51%
Magic:  18/20      EV: 11    Int:  8    God:    Okawaru [*****.]
Gold:   359        SH:  8    Dex: 15    Spells: 19/23 levels left

rFire   . . .      SeeInvis .   v - +11 hand axe of Durable Forgiveness {flame, Dex+4}
rCold   . . .      Faith    .   c - +0 buckler
rNeg    + . .      Spirit   .   F - +0 plate armour
rPois   .          Reflect  .   q - +0 helmet
rElec   .          Harm     .   M - +1 cloak
rCorr   .          Rampage  .   (no gloves)
Will    +....                   (no boots)
Stlth   +.........              y - amulet of the acrobat
HPRegen 0.24/turn               l - ring of positive energy
MPRegen 0.17/turn               w - ring of willpower

@: heroic
A: fangs 1, strong nose, distributed training
a: Renounce Religion, Heroism, Finesse, Duel


You were on level 10 of the Dungeon.
You worshipped Okawaru.
Okawaru was extremely pleased with you.
You visited 2 branches of the dungeon, and saw 11 of its levels.

You collected 519 gold pieces.
You spent 160 gold pieces at shops.

Inventory:

Hand Weapons
 v - the +11 hand axe of Durable Forgiveness (weapon) {flame, Dex+4}
   (You found it on level 3 of the Dungeon)

   It burns those it strikes, dealing additional fire damage.
   Big, fiery blades are also staple armaments of hydra-hunters.
   Dex:       It affects your dexterity (+4).
 B - a +3 spear
 E - a +0 halberd
 K - a +2 vorpal spear
Missiles
 p - a throwing net (quivered)
 r - 2 silver javelins
 u - a curare-tipped dart
Armour
 c - a +0 buckler (worn)
 q - a +0 helmet (worn)
 F - a +0 plate armour (worn)
 M - a +1 cloak (worn)
Jewellery
 l - a ring of positive energy (left hand)
 w - a ring of willpower (right hand)
 y - an amulet of the acrobat (around neck)
Wands
 s - a wand of iceblast (9)
 C - a wand of paralysis (8)
 I - a wand of light (5)
Scrolls
 b - 3 scrolls of amnesia
 f - 5 scrolls of enchant weapon
 h - 3 scrolls of enchant armour
 i - 2 scrolls of poison
 j - 9 scrolls of teleportation
 k - 4 scrolls of blinking
 n - 2 scrolls of magic mapping
 z - 6 scrolls of identify
 H - a scroll of immolation {unknown}
 L - a scroll of brand weapon {unknown}
 N - a scroll of summoning {unknown}
Potions
 a - a potion of haste {unknown}
 d - a potion of might
 e - a potion of brilliance
 g - 3 potions of mutation
 m - 2 potions of invisibility
 o - a potion of flight {unknown}
 t - a potion of lignification {unknown}
 x - 2 potions of degeneration
 A - a potion of magic {unknown}
 D - a potion of heal wounds {unknown}
 G - a potion of ambrosia {unknown}
 J - a potion of attraction {unknown}


   Skills:
 + Level 9.4(14.4) Fighting
 + Level 6.6(11.6) Short Blades
 + Level 6.6(11.6) Long Blades
 + Level 6.6(11.6) Axes
 + Level 6.6(11.6) Maces & Flails
 + Level 8.1(13.1) Polearms
 + Level 6.6(11.6) Staves
 + Level 6.6(11.6) Ranged Weapons
 + Level 6.6(11.6) Throwing
 + Level 9.4(14.4) Armour
 + Level 6.6(11.6) Dodging
 + Level 6.6(11.6) Stealth
 + Level 9.4(14.4) Shields
 + Level 6.6(11.6) Unarmed Combat
 + Level 6.6 Spellcasting
 + Level 5.4 Conjurations
 + Level 5.4 Hexes
 + Level 5.4 Summonings
 + Level 5.4 Necromancy
 + Level 5.4 Translocations
 + Level 5.4 Transmutations
 + Level 5.4 Fire Magic
 + Level 5.4 Ice Magic
 + Level 5.4 Air Magic
 + Level 5.4 Earth Magic
 + Level 5.4 Poison Magic
 + Level 7.2 Invocations
 + Level 6.6 Evocations


You had 19 spell levels left.
You knew the following spells:

 Your Spells              Type           Power      Damage    Failure   Level
a - Wereblood             Tmut           11%        N/A       45%         2
b - Blink                 Tloc           22%        N/A       45%         2

Your spell library contained the following spells:

 Spells                   Type           Power      Damage    Failure   Level
 Beastly Appendage        Tmut           22%        N/A       32%         1
 Foxfire                  Conj/Fire      44%        2x1d6     32%         1
 Poisonous Vapours        Pois/Air       22%        N/A       45%         2
 Static Discharge         Conj/Air       11%        3-5/arc   45%         2
 Conjure Flame            Conj/Fire      11%        6-21      69%         3
 Gell's Gravitas          Tloc           11%        N/A       69%         3
 Inner Flame              Hex/Fire       11%        N/A       69%         3
 Spider Form              Tmut/Pois      11%        N/A       69%         3
 Corpse Rot               Necr/Pois/Air  11%        N/A       97%         4
 Flame Wave               Conj/Fire      11%        2d6       97%         4
 Lightning Bolt           Conj/Air       5%         1d17      100%        5
 Maxwell's Capacitive Co  Air            5%         ∞         100%        8
 Haunt                    Necr/Summ      Unusable   N/A       N/A         7
 Infestation              Necr           Unusable   N/A       N/A         8

Dungeon Overview and Level Annotations

Branches:
Dungeon (10/15)            Temple (1/1) D:6            Lair (0/5) D:10
    Orc (0/2) D:10

Altars:
Ashenzari
Cheibriados
Elyvilon
Fedhas
Gozag
Kikubaaqudgha
Makhleb
Okawaru
Qazlal
Ru
Sif Muna
Trog
Uskayaw
Vehumet
Xom
Yredelemnul
Zin
The Shining One

Shops:
D:4 ?![?

Annotations:
D:5 3 runed translucent doors, ShnitzelX2's ghost, novice MfDe


Innate Abilities, Weirdness & Mutations

You have very sharp teeth.
Your uncanny sense of smell can sniff out nearby items.
Your experience applies equally to all skills.


Message History

You hit the troll. You burn the troll. You slash the orc priest!
You burn the orc priest. You slash the orc wizard! You burn the orc wizard.
You kill the orc wizard!
Okawaru accepts your kill.
The orc priest hits you but does no damage.
The troll barely misses you. The troll claws you. x2
The troll barely misses you. The troll claws you but does no damage.
The troll claws you.
You slash the troll! You burn the troll.
The troll is severely wounded.
You hit the troll. You burn the troll. You closely miss the orc priest.
The orc priest hits you with a +0 club. The troll closely misses you.
The troll claws you! The troll barely misses you. The troll bites you.
You block the troll's attack. The troll closely misses you.
Unknown command.
You slash the orc priest! You burn the orc priest.
You kill the orc priest!
Okawaru accepts your kill.
You hit the troll. You burn the troll. You barely miss the troll.
The troll bites you! The troll barely misses you. You block the troll's attack.
The troll bites you but does no damage. The troll claws you!
* * * LOW HITPOINT WARNING * * *
The troll claws you but does no damage.
You gain the combat prowess of a mighty hero.
The troll bites you but does no damage. You block the troll's attack.
The troll misses you. The troll bites you but does no damage.
The troll barely misses you. The troll claws you but does no damage.
You closely miss the troll.
The troll is severely wounded.
You hit the troll. You burn the troll. The troll completely misses you.
You block the troll's attack. The troll claws you!
* * * LOW HITPOINT WARNING * * *
The troll closely misses you.
The troll claws you but does no damage. x2
You hit the troll. You burn the troll. You bite the troll.
The troll is almost dead.
You slash the troll! You burn the troll. You block the troll's attack.
The troll claws you.
* * * LOW HITPOINT WARNING * * *
The troll claws you!
You die...

##.)...[.###
##)).....#
##... ##
.#)......#
#...####P.
.........#
PP..P#....
.........#
#.......
†........#
##P.....
.##.######
#.....#
###.)..# #)T)#
# ####.#
#@T######
######.##
#........
#.......#
#.......)
#.......#
#####........
#.......#
#...'......>.
#.......#
#.###........
........# ##.#
#........
#.......###..#
#........
#.......##..##
#........


You could see 2 trolls.

Vanquished Creatures
  A boulder beetle (D:9)
  A centaur warrior (D:9)
  A two-headed ogre (D:9)
  An ugly thing (D:9)
  A gargoyle (D:10)
  A troll (D:9)
  Sigmund (D:2)
  11 yaks
  2 wargs (D:10)
  An acid dragon (D:10)
  4 water moccasins
  An ice beast (D:5)
  8 orc warriors
  2 sky beasts
  4 black bears
  4 ogres
  3 phantoms
  3 centaurs
  3 kobold brigands (D:8)
  A gnoll sergeant (D:9)
  A bullfrog (D:9)
  A necrophage (D:5)
  8 wights (D:6)
  8 killer bees
  2 electric eels (D:8)
  A crimson imp (D:4)
  A jelly (D:5)
  4 hounds
  4 gnoll boudas (D:8)
  8 orc priests
  3 iguanas
  9 orc wizards
  20 gnolls
  7 adders
  2 white imps
  An ufetubus (D:5)
  A worm (D:2)
  5 dart slugs
  38 orcs
  12 ball pythons
  6 bats
  9 endoplasms
  A giant cockroach (D:4)
  3 goblins
  9 hobgoblins
  2 jackals (D:4)
  3 quokkas
  A frilled lizard (D:3)
  15 kobolds
  6 rats
245 creatures vanquished.

Vanquished Creatures (others)
  9 plants
9 creatures vanquished.

Grand Total: 254 creatures vanquished

Notes
Turn   | Place    | Note
-------+----------+-------------------------------------------
     0 | D:1      | greasedhog the Gnoll Fighter began the quest for the Orb.
     0 | D:1      | Reached XP level 1. HP: 23/23 MP: 1/1
   175 | D:1      | Reached XP level 2. HP: 24/29 MP: 2/2
   468 | D:1      | Reached XP level 3. HP: 35/35 MP: 3/3
  1004 | D:2      | Reached skill level 1 in Invocations
  1120 | D:2      | Found a bloodstained altar of Trog.
  1149 | D:2      | Noticed Sigmund
  1160 | D:2      | Killed Sigmund
  1161 | D:2      | Reached skill level 1 in Short Blades
  1161 | D:2      | Reached skill level 1 in Long Blades
  1161 | D:2      | Reached skill level 1 in Axes
  1161 | D:2      | Reached skill level 1 in Maces & Flails
  1161 | D:2      | Reached skill level 1 in Staves
  1161 | D:2      | Reached skill level 1 in Ranged Weapons
  1161 | D:2      | Reached skill level 1 in Throwing
  1161 | D:2      | Reached skill level 1 in Dodging
  1161 | D:2      | Reached skill level 1 in Stealth
  1161 | D:2      | Reached skill level 1 in Unarmed Combat
  1161 | D:2      | Reached skill level 1 in Spellcasting
  1161 | D:2      | Reached skill level 1 in Conjurations
  1161 | D:2      | Reached skill level 1 in Hexes
  1161 | D:2      | Reached skill level 1 in Summonings
  1161 | D:2      | Reached skill level 1 in Necromancy
  1161 | D:2      | Reached skill level 1 in Translocations
  1161 | D:2      | Reached skill level 1 in Transmutations
  1161 | D:2      | Reached skill level 1 in Fire Magic
  1161 | D:2      | Reached skill level 1 in Ice Magic
  1161 | D:2      | Reached skill level 1 in Air Magic
  1161 | D:2      | Reached skill level 1 in Earth Magic
  1161 | D:2      | Reached skill level 1 in Poison Magic
  1161 | D:2      | Reached skill level 1 in Evocations
  1161 | D:2      | Reached XP level 4. HP: 38/41 MP: 4/6
  1161 | D:2      | Reached XP level 5. HP: 44/47 MP: 4/7
  1547 | D:2      | Reached XP level 6. HP: 51/53 MP: 8/8
  1855 | D:3      | Identified the +11 hand axe of Durable Forgiveness {flame,
                  | Dex+4}
  2186 | D:3      | Found a shimmering blue altar of Sif Muna.
  2188 | D:3      | Found a shimmering altar of Xom.
  2458 | D:3      | Reached skill level 5 in Polearms
  2659 | D:4      | Found a glowing golden altar of the Shining One.
  2942 | D:4      | Found Kagay's Magic Scroll Shoppe.
  2950 | D:4      | Bought a scroll of identify for 22 gold pieces
  2950 | D:4      | Bought a scroll of identify for 22 gold pieces
  2950 | D:4      | Bought a scroll of identify for 22 gold pieces
  2950 | D:4      | Bought a scroll of identify for 22 gold pieces
  2950 | D:4      | Bought a scroll of teleportation for 33 gold pieces
  2950 | D:4      | Identified a scroll of acquirement
  2954 | D:4      | Acquired a +2 quarterstaff of draining
  3024 | D:4      | Found a burning altar of Makhleb.
  3025 | D:4      | Found a radiant altar of Vehumet.
  3064 | D:4      | Reached XP level 7. HP: 53/59 MP: 10/10
  3118 | D:4      | Found Cykul's Distillery.
  3126 | D:4      | Bought a potion of curing for 39 gold pieces
  3133 | D:4      | Found Dodieg's Armour Emporium.
  3146 | D:4      | Found Zyojyk's Magic Scroll Shoppe.
  3357 | D:5      | Entered Level 5 of the Dungeon
  3593 | D:5      | Found a runed translucent gate.
  3593 | D:5      | Found a runed translucent gate.
  3593 | D:5      | Found a runed translucent gate.
  3594 | D:5      | Noticed ShnitzelX2's ghost (novice MfDe)
  3594 | D:5      | Noticed a yak
  3712 | D:5      | Reached XP level 8. HP: 30/67 MP: 12/12
  5395 | D:6      | Reached XP level 9. HP: 63/73 MP: 14/14
  5573 | D:6      | Learned a level 2 spell: Wereblood
  5618 | D:6      | Found a staircase to the Ecumenical Temple.
  5800 | Temple   | Entered the Ecumenical Temple
  5979 | Temple   | Became a worshipper of Warmaster Okawaru
  6224 | D:7      | Found a hide-covered altar of Uskayaw.
  6757 | D:8      | Reached skill level 5 in Invocations
  6789 | D:7      | Reached * piety under Okawaru
  7226 | D:8      | Reached skill level 5 in Short Blades
  7226 | D:8      | Reached skill level 5 in Long Blades
  7226 | D:8      | Reached skill level 5 in Axes
  7226 | D:8      | Reached skill level 5 in Maces & Flails
  7226 | D:8      | Reached skill level 5 in Staves
  7226 | D:8      | Reached skill level 5 in Ranged Weapons
  7226 | D:8      | Reached skill level 5 in Throwing
  7226 | D:8      | Reached skill level 5 in Dodging
  7226 | D:8      | Reached skill level 5 in Stealth
  7226 | D:8      | Reached skill level 5 in Unarmed Combat
  7226 | D:8      | Reached skill level 5 in Spellcasting
  7226 | D:8      | Reached skill level 5 in Evocations
  7226 | D:8      | Reached XP level 10. HP: 69/81 MP: 13/17
  7226 | D:8      | Reached ** piety under Okawaru
  8917 | D:9      | Reached *** piety under Okawaru
  9081 | D:9      | Noticed a two-headed ogre
  9082 | D:9      | Noticed a red ugly thing
  9106 | D:9      | Killed a two-headed ogre
  9113 | D:9      | Killed a red ugly thing
  9191 | D:9      | Noticed a centaur warrior
  9210 | D:9      | Killed a centaur warrior
  9210 | D:9      | Reached **** piety under Okawaru
  9211 | D:9      | Reached skill level 5 in Conjurations
  9211 | D:9      | Reached skill level 5 in Hexes
  9211 | D:9      | Reached skill level 5 in Summonings
  9211 | D:9      | Reached skill level 5 in Necromancy
  9211 | D:9      | Reached skill level 5 in Translocations
  9211 | D:9      | Reached skill level 5 in Transmutations
  9211 | D:9      | Reached skill level 5 in Fire Magic
  9211 | D:9      | Reached skill level 5 in Ice Magic
  9211 | D:9      | Reached skill level 5 in Air Magic
  9211 | D:9      | Reached skill level 5 in Earth Magic
  9211 | D:9      | Reached skill level 5 in Poison Magic
  9211 | D:9      | Reached XP level 11. HP: 19/89 MP: 16/20
  9314 | D:9      | Noticed a boulder beetle
  9653 | D:9      | Killed a boulder beetle
  9732 | D:9      | Got the Verses on the Displaced Mausoleum
  9766 | D:9      | Learned a level 2 spell: Blink
  9920 | D:9      | Reached ***** piety under Okawaru
 10186 | D:9      | Found an ancient bone altar of Kikubaaqudgha.
 10524 | D:10     | Entered Level 10 of the Dungeon
 10579 | D:10     | Found a staircase to the Orcish Mines.
 10630 | D:10     | Received a gift from Okawaru
 10678 | D:10     | Found a staircase to the Lair.
 10692 | D:10     | Received a gift from Okawaru
 10916 | D:10     | Slain by a troll

Illustrated notes

Levels and vault maps discovered:
D:1:      nagdon_arrival_zigzag_paths, layout_loops_ring, roderic_lattice_a,
          minmay_pentomino_x4
D:2:      layout_rooms, basic_altar, kennysheep_potato, uniq_sigmund
D:3:      layout_basic, mainiacjoe_overflow_catwalk_spiral
D:4:      layout_basic, grunt_temple_overflow_lords_of_destruction,
          nicolae_tso_swordbearing_angel, serial_shops, shop,
          nicolae_shop_advertising_works [nicolae_subvault_shop_adworks],
          nicolae_stop_n_shop_2, nicolae_shop_hallway_plus
D:5:      layout_basic, gammafunk_ghost_split
D:6:      layout_basic, minmay_temple_entry_junction
D:7:      layout_cave_pools, mainiacjoe_overflow_surrounded_room
D:8:      kennysheep_seaside_town, layout_basic, serial_glass, glass_columns_c,
          glass_columns_a
D:9:      layout_basic, kennysheep_mini, minmay_bent
D:10:     layout_roguey, gammafunk_temple_overflow_claw,
          grunt_dithmenos_shadows, erik_lair_orcish_takeover, orc_0_dummy,
          hellmonk_guarded_unrand_vines, uniq_amaemon, uniq_sonja
Temple:   bh_familiar_temple

Skill      XL: |  1  2  3  4  5  6  7  8  9 10 11 |
---------------+----------------------------------+-----
Invocations    | 1 2 3 4 5 6 7 |  7.2
Short Blades   | 1 2 3 5 6 |  6.6
Long Blades    | 1 2 3 5 6 |  6.6
Axes           | 1 2 3 5 6 |  6.6
Maces & Flails | 1 2 3 5 6 |  6.6
Staves         | 1 2 3 5 6 |  6.6
Ranged Weapons | 1 2 3 5 6 |  6.6
Throwing       | 1 2 3 5 6 |  6.6
Dodging        | 1 2 3 5 6 |  6.6
Stealth        | 1 2 3 5 6 |  6.6
Unarmed Combat | 1 2 3 5 6 |  6.6
Spellcasting   | 1 2 3 5 6 |  6.6
Conjurations   | 1 2 3 4 5 |  5.4
Hexes          | 1 2 3 4 5 |  5.4
Summonings     | 1 2 3 4 5 |  5.4
Necromancy     | 1 2 3 4 5 |  5.4
Translocations | 1 2 3 4 5 |  5.4
Transmutations | 1 2 3 4 5 |  5.4
Fire Magic     | 1 2 3 4 5 |  5.4
Ice Magic      | 1 2 3 4 5 |  5.4
Air Magic      | 1 2 3 4 5 |  5.4
Earth Magic    | 1 2 3 4 5 |  5.4
Poison Magic   | 1 2 3 4 5 |  5.4
Evocations     | 1 2 3 5 6 |  6.6
Polearms       | 5 6 7 8 |  8.1
Fighting       | 7 8 9 |  9.4
Armour         | 7 8 9 |  9.4
Shields        | 7 8 9 |  9.4

Action                   |  1- 3 |  4- 6 |  7- 9 | 10-12 || total
-------------------------+-------+-------+-------+-------++-------
Melee: Trident           |   101 |    22 |       |       ||   123
       Bite              |     7 |     7 |    20 |    41 ||    75
       Halberd           |       |    49 |       |       ||    49
       Hand axe          |       |    31 |   221 |   264 ||   516
 Cast: Wereblood         |       |       |     1 |     1 ||     2
Invok: Heroism           |       |       |     1 |     5 ||     6
Evoke: Wand              |       |       |       |     5 ||     5
  Use: Scroll            |     2 |     8 |     5 |     1 ||    16
       Potion            |     1 |       |     3 |     4 ||     8
 Stab: Invisible         |       |       |       |     7 ||     7
       Paralysed         |       |       |       |     8 ||     8
Armor: Scale mail        |    26 |    22 |       |       ||    48
       Chain mail        |       |    37 |    89 |    67 ||   193
       Plate armour      |       |       |       |    60 ||    60
Dodge: Dodged            |    38 |    37 |   103 |   145 ||   323
Block: Buckler           |    12 |     8 |    66 |    90 ||   176
